 Dungeon Crawl Stone Soup version 0.31-a0-806-g0bc164a743 (webtiles) character file.

Game seed: 4392011305763354906

77090 garrulousMonolith the Covert (level 15, -4/73 HPs)
             Began as a Spriggan Enchanter on Sept 20, 2023.
             Was a High Priest of Dithmenos.
             Slain by a goliath frog (7 damage)
             ... on level 5 of the Lair of Beasts on Sept 21, 2023.
             The game lasted 01:10:10 (20710 turns).

garrulousMonolith the Covert (Spriggan Enchanter)  Turns: 20710, Time: 01:10:11

Health: -4/73      AC: 11    Str: 10    XL:     15   Next: 14%
Magic:  37/41      EV: 30    Int: 23    God:    Dithmenos [*****.]
Gold:   1251       SH:  7    Dex: 23    Spells: 11/38 levels left

rFire   + . .        u - +3 dagger "Lifebane" {freeze, Contam rPois Str+3}
rCold   . . .        l - +0 buckler
rNeg    . . .        B - +4 robe "Siazul" {rF+ MP+9 Str+3}
rPois   +            t - +2 hat {Will+}
rElec   .            s - +2 cloak
rCorr   .            (gloves unavailable)
SInv    +            (boots unavailable)
Will    +++..        C - amulet of regeneration
Stlth   ++++++++++   j - +6 ring of dexterity
HPRegen 1.12/turn    P - +4 ring of slaying
MPRegen 0.27/turn

%: no passive effects
@: about to teleport, wreathed by umbra, very quick
A: very small, no large weapons, unfitting armour, see invisible, speed 3
a: Renounce Religion, Shadow Step, Shadow Form


You were on level 5 of the Lair of Beasts.
You worshipped Dithmenos.
Dithmenos was extremely pleased with you.
You visited 3 branches of the dungeon, and saw 17 of its levels.
You also visited: Bailey and Volcano.

You collected 1251 gold pieces.

Inventory:

Hand Weapons
 u - the +3 dagger "Lifebane" (weapon) {freeze, Contam rPois Str+3}
   (You found it on level 3 of the Dungeon)

   Str+3:     It affects your strength (+3).
   rPois:     It protects you from poison Contam: It causes magical
   contamination when unequipped.
Missiles
 I - 2 throwing nets (quivered)
 J - 3 atropa-tipped darts
 R - 5 poisoned darts
 U - 17 boomerangs
Armour
 l - a +0 buckler (worn)
 s - a +2 cloak (worn)
 t - a +2 hat of willpower (worn)
 B - the +4 robe "Siazul" (worn) {rF+ MP+9 Str+3}
   (You found it on level 5 of the Dungeon)

   Str+3:     It affects your strength (+3).
   rF+:       It protects you from fire.
   MP+9:      It affects your magic capacity (+9).
 L - the +1 robe of Vines {NoPotionHeal Regen++++}
   (You acquired it on level 3 of the Lair of Beasts)

   NoPotionHeal: Its wearer cannot be healed by potions.
   Regen++++: It increases your rate of health regeneration.
 T - the +1 robe of Valour {*Corrode +Inv Dex+2}
   (You found it on level 9 of the Dungeon)

   Dex+2:     It affects your dexterity (+2).
   +Inv:      It lets you turn invisible.
   *Corrode:  It may corrode you when you take damage.
Magical Staves
 X - the staff of the Evening {rF+ rN+ Dex+5 Necro}
   (You found it in a bailey)

   [staff of death]

   Base accuracy: +5 Base damage: 5 Base attack delay: 1.2 This weapon's minimum
   attack delay (0.6) is reached at skill level 12.
   Dex+5:     It affects your dexterity (+5).
   rF+:       It protects you from fire.
   rN+:       It protects you from negative energy.
   Necro:     It increases the power of your Necromancy spells.
   It falls into the 'Staves' category.
   It is a two-handed weapon.
 Z - a staff of conjuration
Jewellery
 g - an amulet of magic regeneration
 j - a +6 ring of dexterity (left hand)
 o - a +6 ring of strength
 v - a ring of ice
 A - a ring of positive energy
 C - an amulet of regeneration (around neck)
 P - a +4 ring of slaying (right hand)
 Q - a ring of resist corrosion
Wands
 x - a wand of flame (6)
 y - a wand of roots (26)
 D - a wand of polymorph (3)
 M - a wand of mindburst (18)
Scrolls
 a - 2 scrolls of identify
 b - a scroll of enchant weapon
 e - a scroll of revelation
 h - 2 scrolls of immolation
 n - 2 scrolls of fear
 q - 3 scrolls of enchant armour
 r - 2 scrolls of noise
 G - 2 scrolls of poison
 K - 2 scrolls of teleportation
 N - a scroll of vulnerability
 V - a scroll of amnesia
 Y - 2 scrolls of butterflies
Potions
 c - a potion of invisibility
 d - 4 potions of enlightenment
 f - 2 potions of mutation
 i - 3 potions of heal wounds
 k - 8 potions of curing
 m - 6 potions of berserk rage
 p - a potion of cancellation
 w - 4 potions of haste
 z - 3 potions of ambrosia
 E - 2 potions of resistance
 F - 2 potions of might
 H - a potion of lignification
 O - a potion of attraction
 S - a potion of magic
 W - 5 potions of brilliance


   Skills:
 + Level 6.0 Fighting
 - Level 10.0 Short Blades
 + Level 13.2 Dodging
 + Level 14.6 Stealth
 - Level 6.6 Shields
 - Level 12.0 Spellcasting
 - Level 7.0 Conjurations
 - Level 8.0 Hexes
 * Level 0.5 Necromancy
 - Level 8.1 Translocations
 + Level 9.6 Invocations


You had 11 spell levels left.
You knew the following spells:

 Your Spells              Type           Power      Damage    Failure   Level
a - Ensorcelled Hibernat  Hex/Ice        64%        N/A       1%          2
b - Confusing Touch       Hex            50%        N/A       1%          3
c - Tukima's Dance        Hex            50%        N/A       1%          3
d - Dazzling Flash        Conj/Hex       96%        N/A       1%          3
e - Mephitic Cloud        Conj/Pois/Air  24%        N/A       7%          3
f - Apportation           Tloc           100%       N/A       1%          1
g - Magic Dart            Conj           100%       1d8       1%          1
h - Iskenderun's Mystic   Conj/Tloc      48%        2d11      2%          4
i - Passage of Golubria   Tloc           51%        N/A       2%          4
j - Teleport Other        Tloc           51%        N/A       1%          3

Your spell library contained the following spells:

 Spells                   Type           Power      Damage    Failure   Level
 Foxfire                  Conj/Fire      100%       2x1d9     1%          1
 Jinxbite                 Hex            100%       N/A       1%          2
 Lesser Beckoning         Tloc           100%       N/A       1%          2
 Gell's Gravitas          Tloc           51%        N/A       1%          3
 Fulminant Prism          Conj/Hex       24%        3d12      2%          4
 Inner Flame              Hex/Fire       32%        N/A       3%          3
 Volatile Blastmotes      Fire/Tloc      64%        2d15      3%          3
 Necrotise                Necr           64%        1d7       4%          1
 Hailstorm                Conj/Ice       29%        3d8       4%          3
 Call Imp                 Summ           26%        N/A       10%         2
 Flame Wave               Conj/Fire      29%        2d9       14%         4
 Sticky Flame             Conj/Fire      29%        2d5       14%         4
 Vampiric Draining        Necr           16%        2d7       16%         3
 Silence                  Hex/Air        16%        N/A       32%         5
 Animate Dead             Necr           16%        N/A       45%         4
 Summon Ice Beast         Ice/Summ       13%        N/A       52%         4
 Agony                    Necr           16%        N/A       80%         5
 Alistair's Intoxication  Tmut/Pois      8%         N/A       86%         5
 Starburst                Conj/Fire      14%        6d6       92%         6
 Plasma Beam              Fire/Air       6%         2x1d17    100%        6
 Simulacrum               Ice/Necr       7%         N/A       100%        6
 Haunt                    Necr/Summ      7%         N/A       100%        7
 Infestation              Necr           8%         N/A       100%        8
 Lehudib's Crystal Spear  Conj/Erth      14%        10d5      100%        8


Dungeon Overview and Level Annotations

Branches:
Dungeon (11/15)            Temple (1/1) D:4            Lair (5/5) D:10
  Swamp (0/4) Lair:2        Snake (0/4) Lair:3       Bailey (visited)
Volcano (visited)
  Slime: Lair:4-5       Orc: D:9-12

Altars:
Ashenzari
Cheibriados
Dithmenos
Elyvilon
Fedhas
Gozag
Hepliaklqana
Kikubaaqudgha
Makhleb
Nemelex Xobeh
Okawaru
Qazlal
Ru
Sif Muna
Trog
Uskayaw
Vehumet
Wu Jian
Xom
Yredelemnul
Zin
The Shining One

Shops:
D:7 =   D:10 *

Annotations:
Lair:3 2 transporters, Vade Gum's ghost, journeyman DsGl


Innate Abilities, Weirdness & Mutations

You are very small and have problems with some larger weapons.
You are too small for most types of armour.
You have supernaturally acute eyesight. (SInv)
You cover ground extremely quickly. (Speed+++)


Message History

The death yak is lightly wounded.
The death yak closely misses you.
You puncture the death yak! You freeze the death yak.
The death yak is moderately wounded.
You block the yak's attack.
You hit the death yak. You freeze the death yak.
The death yak is moderately wounded.
Your shadow hits the death yak with a dagger.
You hit the death yak but do no damage.
The death yak is moderately wounded.
The goliath frog hits you from afar.
You are splashed with acid!
* * * LOW HITPOINT WARNING * * *
The yak barely misses you. The death yak barely misses you.
The death yak gores itself.
The goliath frog attacks as it pursues you!
The goliath frog completely misses you.
You hit the death yak but do no damage.
The death yak is heavily wounded.
The goliath frog misses you.
You hit the death yak. You freeze the death yak.
The death yak is heavily wounded.
The death yak gores the death yak.
You catch the helpless death yak completely off-guard!
You spit the death yak like a pig!!! You freeze the death yak!
You kill the death yak!
Dithmenos accepts your kill. You block the goliath frog's attack.
Casting: Confusing Touch (safe; 1% risk of failure)
Confirm with . or Enter, or press ? or * to list all spells.
Aiming: Ensorcelled Hibernation (safe; 1% risk of failure)
Press: ? - help, Shift-Dir - straight line, f - yak
Aim: a yak (umbra, chance to affect: 62%)
The yak resists with significant effort.
The yak completely misses you. The goliath frog misses you.
As you read the scroll of teleportation, it crumbles to dust.
You feel strangely unstable. You block the yak's attack.
The death yak gores you!!
* * * LOW HITPOINT WARNING * * *
The goliath frog hits you from afar!
You die... #... ##..#..## Y.Y

##....YY.# YY
....Y..Y.#
...#YYYYY###
.Y..#####†.#
Y###......## #
##......Y.#.#.#
#......F.YY....#
.......##@....P#
....... ###....#
#...... ..P##
P...... .###
......P ....


You could see 2 death yaks, a goliath frog and 5 yaks.

Vanquished Creatures
  A red draconian (Volcano)
  3 hydras
  5 death yaks
  A two-headed ogre (D:10)
  2 boulder beetles
  Nergalle (Lair:3)
  A skeletal warrior (D:11)
  Lodul (D:10)
  A salamander mystic (Volcano)
  A skyshark (Lair:2)
  A bog body (Lair:2)
  An orc knight (Bailey)
  4 elephants
  2 ugly things
  4 salamanders (Volcano)
  5 black mambas
  11 cane toads
  2 molten gargoyles (Volcano)
  A torpor snail (Lair:5)
  Maggie (D:8)
  4 rime drakes
  Psyche (D:8)
  11 komodo dragons
  3 trolls
  A tyrant leech (Lair:5)
  A hornet (D:7)
  A polar bear (Lair:4)
  28 blink frogs
  3 shadows
  A wraith (D:10)
  A vampire (D:11)
  64 yaks
  2 fire bats (Volcano)
  4 basilisks
  7 wyverns
  4 vampire mosquitoes
  2 acid dragons (D:11)
  15 water moccasins
  A sky beast (D:8)
  4 black bears
  6 orc warriors
  3 ice beasts
  10 ogres
  34 wolves
  2 centaurs
  13 bullfrogs
  A scorpion (D:6)
  2 gnoll sergeants
  13 wights
  13 killer bees
  6 electric eels
  10 howler monkeys
  4 hounds
  A jelly (D:5)
  4 lava snakes (Volcano)
  Crazy Yiuf (D:2)
  An orc priest (D:9)
  2 iguanas
  12 orc wizards
  22 gnolls
  9 adders
  A white imp (D:6)
  3 worms
  A dart slug (D:1)
  39 orcs
  11 ball pythons
  3 endoplasms
  2 giant cockroaches (D:3)
  8 goblins
  5 hobgoblins
  2 jackals (D:3)
  12 kobolds
  4 quokkas
  7 bats
  2 frilled lizards
  6 rats
482 creatures vanquished.

Vanquished Creatures (collateral kills)
  An orc warlord (Bailey)
1 creature vanquished.

Grand Total: 483 creatures vanquished

Notes
Turn   | Place    | Note
-------+----------+-------------------------------------------
     0 | D:1      | garrulousMonolith the Spriggan Enchanter began the quest
                  | for the Orb.
     0 | D:1      | Reached XP level 1. HP: 9/9 MP: 5/5
   103 | D:1      | Reached skill level 5 in Stealth
   394 | D:1      | Reached XP level 2. HP: 13/13 MP: 6/6
   399 | D:1      | Learned a level 2 spell: Ensorcelled Hibernation
   905 | D:2      | Found an ancient bone altar of Kikubaaqudgha.
  1219 | D:2      | Reached XP level 3. HP: 5/16 MP: 1/8
  1746 | D:2      | Learned a level 3 spell: Confusing Touch
  1773 | D:2      | Reached skill level 6 in Stealth
  1773 | D:2      | Reached XP level 4. HP: 21/21 MP: 6/9
  2192 | D:2      | Found a runed translucent door.
  2193 | D:2      | Noticed Crazy Yiuf
  2202 | D:2      | Killed Crazy Yiuf
  2213 | D:2      | Identified the +1 hammer "Sehoihir" {heavy, Contam rN+++
                  | Str+10 Dex-5}
  2308 | D:3      | Learned a level 3 spell: Tukima's Dance
  2328 | D:3      | Found a bloodstained altar of Trog.
  2876 | D:3      | Reached XP level 5. HP: 24/24 MP: 8/11
  2937 | D:3      | Identified the +3 dagger "Lifebane" {freeze, Contam rPois
                  | Str+3}
  3286 | D:3      | Reached skill level 5 in Hexes
  3857 | D:4      | You fall into a shaft and drop 2 floors!
  3911 | D:6      | Noticed an orc warrior
  3989 | D:6      | Reached XP level 6. HP: 28/28 MP: 7/12
  4002 | D:5      | Entered Level 5 of the Dungeon
  4408 | D:4      | Found a staircase to the Ecumenical Temple.
  4415 | Temple   | Entered the Ecumenical Temple
  4430 | Temple   | Became a worshipper of Dithmenos the Shadowed
  4786 | D:5      | Found a blossoming altar of Fedhas.
  4933 | D:5      | Reached skill level 7 in Stealth
  4933 | D:5      | Reached skill level 1 in Invocations
  4933 | D:5      | Reached XP level 7. HP: 32/32 MP: 9/14
  5132 | D:5      | Identified the +4 robe "Siazul" {rF+ MP+9 Str+3}
  5656 | D:5      | Reached skill level 5 in Dodging
  5994 | D:5      | Found a hazy altar of Hepliaklqana.
  6075 | D:5      | Found a stormy altar of Qazlal.
  6088 | D:5      | Learned a level 3 spell: Dazzling Flash
  6092 | D:5      | Learned a level 3 spell: Mephitic Cloud
  6206 | D:5      | Reached * piety under Dithmenos
  6357 | D:6      | Noticed a wyvern
  6381 | D:6      | Killed a wyvern
  6382 | D:6      | Reached skill level 5 in Spellcasting
  6382 | D:6      | Reached XP level 8. HP: 36/36 MP: 16/16
  6597 | D:6      | Reached skill level 8 in Stealth
  7287 | D:7      | Noticed a hornet
  7294 | D:7      | Killed a hornet
  7360 | D:7      | Reached skill level 5 in Short Blades
  7363 | D:7      | Reached skill level 1 in Conjurations
  7369 | D:7      | Reached XP level 9. HP: 32/39 MP: 18/18
  7432 | D:7      | Found Nisuarr's Jewellery Shoppe.
  7437 | D:7      | Reached skill level 9 in Stealth
  7756 | D:7      | Reached ** piety under Dithmenos
  7779 | D:7      | Noticed a brown ugly thing
  7785 | D:7      | Noticed a two-headed ogre
  7798 | D:7      | Killed a brown ugly thing
  8020 | D:7      | Noticed a troll
  8030 | D:7      | Killed a troll
  8082 | D:8      | Reached skill level 10 in Stealth
  8221 | D:8      | Reached XP level 10. HP: 40/44 MP: 17/21
  8362 | D:8      | Noticed Maggie
  8487 | D:8      | Killed Maggie
  8488 | D:8      | Reached skill level 5 in Invocations
  8640 | D:8      | Learned a level 1 spell: Apportation
  8642 | D:8      | Learned a level 1 spell: Magic Dart
  8719 | D:8      | Noticed Psyche
  8992 | D:8      | Killed Psyche
  8998 | D:8      | Reached *** piety under Dithmenos
  9205 | D:8      | Found a burning altar of Makhleb.
  9270 | D:8      | Found a radiant altar of Vehumet.
  9915 | D:9      | Found a shimmering altar of Xom.
  9915 | D:9      | Found a snail-covered altar of Cheibriados.
  9966 | D:9      | Identified the +1 robe of Valour {*Corrode +Inv Dex+2}
 10130 | D:9      | Reached skill level 5 in Conjurations
 10444 | D:10     | Entered Level 10 of the Dungeon
 10446 | D:10     | Found Jextam's Assorted Antiques.
 10466 | D:10     | Found a flagged portal.
 10468 | D:10     | Noticed Lodul
 10485 | D:10     | Reached XP level 11. HP: 47/47 MP: 24/24
 10526 | D:10     | Killed Lodul
 10804 | Bailey   | Entered a bailey
 10809 | Bailey   | Noticed an orc warlord
 10993 | Bailey   | Reached XP level 12. HP: 51/51 MP: 25/25
 11004 | Bailey   | Found a runed translucent gate.
 11006 | Bailey   | Found a runed translucent gate.
 11008 | Bailey   | Found a runed translucent gate.
 11216 | Bailey   | Killed an orc warlord
 11250 | Bailey   | Identified the staff of the Evening {rF+ rN+ Dex+5 Necro}
 11307 | Bailey   | Reached XP level 13. HP: 63/63 MP: 26/26
 11523 | D:10     | Found a broken altar of Ashenzari.
 11603 | D:10     | Upgraded the game from 0.31-a0-803-g95b03c3367 to
                  | 0.31-a0-806-g0bc164a743
 11698 | D:10     | Found a staircase to the Lair.
 11756 | D:10     | Reached skill level 10 in Dodging
 13426 | Lair:1   | Entered Level 1 of the Lair of Beasts
 13583 | Lair:1   | Found a dark tunnel.
 13592 | Volcano  | Entered a volcano
 13757 | Volcano  | Reached **** piety under Dithmenos
 13869 | Volcano  | Found a bloodstained altar of Trog.
 13872 | Volcano  | Reached skill level 11 in Stealth
 13879 | Volcano  | HP: 3/63 [closed door collision (13)]
 14047 | Volcano  | Noticed a red draconian
 14050 | Volcano  | Killed a red draconian
 14120 | Lair:1   | Learned a level 4 spell: Iskenderun's Mystic Blast
 14999 | Lair:1   | Reached XP level 14. HP: 58/67 MP: 28/28
 15151 | Lair:1   | Reached skill level 10 in Spellcasting
 15307 | Lair:1   | Reached skill level 12 in Stealth
 15334 | Lair:2   | Found a staircase to the Swamp.
 16163 | Lair:2   | Learned a level 4 spell: Passage of Golubria
 16525 | Lair:3   | Learned a level 3 spell: Teleport Other
 16750 | Lair:3   | Found a staircase to the Snake Pit.
 16859 | Lair:3   | Reached skill level 10 in Short Blades
 17089 | Lair:3   | Noticed Nergalle
 17094 | Lair:3   | Killed Nergalle
 17129 | Lair:3   | Reached skill level 13 in Stealth
 17285 | Lair:3   | Found a transporter.
 17285 | Lair:3   | Noticed Vade Gum's ghost (journeyman DsGl)
 17295 | Lair:3   | Found a transporter.
 18175 | Lair:3   | Identified a scroll of acquirement
 18176 | Lair:3   | Acquired the +1 robe of Vines {NoPotionHeal Regen++++}
 18176 | Lair:3   | Found the +1 robe of Vines {NoPotionHeal Regen++++}
 18249 | Lair:4   | Reached skill level 5 in Fighting
 19640 | Lair:4   | Reached skill level 14 in Stealth
 19832 | Lair:5   | Entered Level 5 of the Lair of Beasts
 19960 | Lair:5   | Reached XP level 15. HP: 73/73 MP: 15/31
 20668 | Lair:5   | Reached ***** piety under Dithmenos
 20710 | Lair:5   | HP: 3/73 [death yak (23)]
 20710 | Lair:5   | Slain by a goliath frog

Illustrated notes

Levels and vault maps discovered:
D:1:      dpeg_arrival_tiny_i, layout_basic
D:2:      layout_loops_ring, basic_altar, uniq_crazy_yiuf_cottage
D:3:      layout_basic, lemuel_tele_altar
D:4:      layout_basic, minmay_temple_entry_glass,
          nicolae_concentric_dashed_squares_mild
D:5:      layout_loops_ring, fedhas_ov_isle_minmay,
          mainiacjoe_overflow_alcove_1, overflow_temple_1_default,
          saegor_snake_ambush
D:6:      layout_cave_pods, chequers_serial_rivers_small_a
D:7:      minmay_the_grid_triangle_9x9_rhombus_thin
          [minmay_the_grid_triangle_9x9_corrupted_corridor,
          minmay_the_grid_triangle_9x9_prize_special,
          minmay_the_grid_triangle_9x9_warning,
          minmay_the_grid_triangle_9x9_longest], layout_basic,
          minmay_shop_enchanted_jewellery, chequers_serial_rivers_micro_d
D:8:      layout_basic, lemuel_crystal_altar, nicolae_vehumet_altar_sigil,
          uniq_maggie, uniq_psyche
D:9:      layout_roguey, chequers_temple_overflow_statue_of_worship,
          nicolae_elevator_lobby_asterisk
D:10:     layout_basic, nicolae_ashenzari_panopticon, david_lair_generic,
          serial_shops, shop, enter_bailey_5, minmay_misc_feat_enclosed,
          uniq_lodul
D:11:     cheibrodos_fzero, layout_basic
Temple:   compressed_dpeg_triangle_lava_temple
Lair:1:   layout_cave_shapes, enter_volcano_2
Lair:2:   layout_chaotic_city, skrybe_swamp_entry_bodies,
          chequers_serial_rivers_micro_c, infiniplex_staircase_pool,
          serial_bayou_shore_b, grunt_megastairs_5
Lair:3:   layout_cave_pods, minmay_snake_entry_six_corridors,
          gammafunk_ghost_arena, grunt_megastairs_4, lemuel_fruit_tree,
          uniq_nergalle
Lair:4:   layout_regular_city, serial_bayou_ford_a, grunt_megastairs_2
Lair:5:   minmay_lair_end_frog_pond, layout_layer_cave, slime_entry_1

Skill      XL: |  1  2  3  4  5  6  7  8  9 10 11 12 13 14 15 |
---------------+----------------------------------------------+-----
Stealth        | 5 6 7 8 10 11 14 | 14.6
Hexes          | 4 5 6 7 8 |  8.0
Dodging        | 3 4 5 6 7 9 10 12 13 | 13.2
Spellcasting   | 3 4 5 7 8 9 11 12 | 12.0
Short Blades   | 2 3 5 6 7 8 9 10 | 10.0
Invocations    | 1 2 3 4 5 6 7 9 |  9.6
Conjurations   | 1 3 5 6 7 |  7.0
Shields        | 6 |  6.6
Fighting       | 4 5 6 |  6.0
Translocations | 8 |  8.1
Necromancy     | |  0.5

Action                     |  1- 3 |  4- 6 |  7- 9 | 10-12 | 13-15 || total
---------------------------+-------+-------+-------+-------+-------++-------
  Melee: Dagger            |    57 |   140 |   119 |   169 |   589 ||  1074
         Punch             |     1 |     1 |       |       |       ||     2
         Rapier            |       |     8 |       |       |       ||     8
   Cast: Ensorcelled Hiber |    26 |    48 |    91 |   101 |   352 ||   618
         Tukima's Dance    |       |     2 |     1 |     1 |     2 ||     6
         Confusing Touch   |       |     3 |     6 |     9 |    32 ||    50
         Dazzling Flash    |       |       |     1 |     2 |     2 ||     5
         Mephitic Cloud    |       |       |       |     4 |     2 ||     6
         Iskenderun's Myst |       |       |       |       |     9 ||     9
         Teleport Other    |       |       |       |       |     1 ||     1
 Invoke: Shadow Step       |       |       |       |     5 |    15 ||    20
  Evoke: Wand              |       |       |       |     4 |    11 ||    15
    Use: Scroll            |       |     6 |    10 |     3 |    19 ||    38
         Potion            |       |       |       |     6 |     3 ||     9
   Stab: Sleeping          |    20 |    39 |    59 |    58 |   187 ||   363
         Confused          |       |     2 |     5 |    15 |    30 ||    52
         Distracted        |       |       |     1 |     1 |     2 ||     4
         Invisible         |       |       |       |       |     7 ||     7
 Armour: Robe              |    16 |    23 |    42 |    38 |   212 ||   331
         Skin              |       |       |       |     1 |       ||     1
  Dodge: Dodged            |    50 |    46 |   124 |   162 |   897 ||  1279
  Block: Buckler           |       |       |       |     4 |   278 ||   282

Table legend: (Time is in decaauts)
 A = Elapsed time spent in this place.
 B = Non-inter-level travel time spent in this place.
 C = Inter-level travel time spent in this place.
 D = Time resting spent in this place.
 E = Time spent auto-exploring this place.
 F = Levels seen in this place.
 G = Mean time per level.
                   A        B        C        D        E       F      G
               +--------+--------+--------+--------+--------+-----+--------+
         Total |  16385 |  15950 |    435 |   6765 |   5235 |  19 |  862.4 |
       Dungeon |  10559 |  10196 |    363 |   4710 |   3250 |  11 |  959.9 |
        Temple |     18 |     10 |      8 |      0 |      0 |   1 |   18.0 |
          Lair |   5003 |   4940 |     63 |   1717 |   1920 |   5 | 1000.6 |
        Bailey |    416 |    416 |      0 |    178 |     63 |   1 |  416.0 |
       Volcano |    386 |    386 |      0 |    159 |      0 |   1 |  386.0 |
               +--------+--------+--------+--------+--------+-----+--------+

Top non-repeatable levels by time:
  Lair:3: 1372 daAuts
  Lair:4: 1369 daAuts
    D:10: 1281 daAuts
     D:5: 1266 daAuts
     D:2: 1175 daAuts
     D:8: 1096 daAuts
     D:6: 1021 daAuts
     D:3: 962 daAuts
  Lair:2: 922 daAuts
    D:11: 896 daAuts
     D:9: 869 daAuts
  Lair:1: 817 daAuts
     D:1: 727 daAuts
     D:4: 687 daAuts
     D:7: 575 daAuts
